 Dungeon Crawl Stone Soup version 0.28-a0-474-g535839065c (webtiles) character file.

Game seed: 13942886196197338080

273 omnomnOMINOUS the Stinger (level 6, 0/41 HPs)
             Began as an Octopode Wanderer on Sept 15, 2021.
             Was a Priest of Elyvilon.
             Succumbed to a kobold brigand's poison
             ... in a sewer.
             The game lasted 00:09:54 (4628 turns).

omnomnOMINOUS the Stinger (Octopode Wanderer)       Turns: 4628, Time: 00:09:55

Health: 0/41       AC:  1    Str: 11    XL:     6   Next: 24%
Magic:  7/9        EV: 13    Int: 18    God:    Elyvilon [***...]
Gold:   91         SH:  0    Dex: 10    Spells: 6/9 levels left

rFire   + . .      SeeInvis .   b - +2 dagger (venom)
rCold   + . .      Faith    .   (no shield)
rNeg    . . .      Spirit   .   (helmet restricted)
rPois   +          Reflect  .   (no amulet)
rElec   +          Harm     .   (no ring)
rCorr   +          Rampage  .   (no ring)
Will    .....                   (no ring)
Stlth   +++.......              (no ring)
HPRegen 0.13/turn               (no ring)
MPRegen 0.11/turn               (no ring)
                                (no ring)
                                (no ring)

@: lethally poisoned (0 -> -3), resistant, on berserk cooldown, slowed, very
slow
A: almost no armour, amphibious, 8 rings, camouflage 1, gelatinous body 1,
nimble swimmer 1, tentacles
a: Renounce Religion, Lesser Healing, Heal Other, Purification, Divine
Protection


You were in a sewer.
You worshipped Elyvilon.
Elyvilon was most pleased with you.
You visited 1 branch of the dungeon, and saw 4 of its levels.
You also visited: Sewer.

You collected 91 gold pieces.

Inventory:

Hand Weapons
 a - a +0 halberd
 b - a +2 dagger of venom (weapon)
 c - a +4 short sword
 l - a +4 hand axe
Missiles
 e - 16 poisoned darts (quivered)
Jewellery
 d - a ring of ice
Scrolls
 f - a scroll of enchant weapon {unknown}
 h - 2 scrolls of teleportation {unknown}
 i - a scroll of identify {unknown}
 k - a scroll of blinking {unknown}
 m - a scroll of immolation {unknown}


   Skills:
 + Level 2.5 Fighting
 - Level 1.0 Throwing
 + Level 2.5 Dodging
 - Level 1.0 Shields
 - Level 2.0 Spellcasting
 - Level 1.0 Conjurations
 * Level 4.2 Summonings
 - Level 1.0 Earth Magic
 - Level 4.8 Poison Magic


You had 6 spell levels left.
You knew the following spells:

 Your Spells              Type           Power      Damage    Failure   Level
a - Call Canine Familiar  Summ           17%        N/A       10%         3

Your spell library contained the following spells:

 Spells                   Type           Power      Damage    Failure   Level
 Summon Small Mammal      Summ           68%        N/A       3%          1
 Call Imp                 Summ           17%        N/A       4%          2
 Pain                     Necr           4%         1d4       19%         1
 Summon Guardian Golem    Hex/Summ       9%         N/A       22%         3
 Vampiric Draining        Necr           0%         2d6       47%         3
 Summon Lightning Spire   Summ/Air       9%         N/A       58%         4


Dungeon Overview and Level Annotations

Branches:
Dungeon (6/15)              Sewer (1/1)
 Temple: D:4-7

Altars:
Elyvilon
Qazlal

Annotations:
D:3 1 transporter, RandomusNamus's ghost, amateur TrFi


Innate Abilities, Weirdness & Mutations

You cannot wear most types of armour.
You are amphibious.
You can wear up to eight rings at the same time.
Your skin changes colour to match your surroundings (Stealth+).
Your rubbery body absorbs attacks. (AC +1, EV +1)
You are camouflaged near water. (Stealth+)
You have tentacles for arms and can constrict up to eight enemies at once.


Message History

The kobold unwields a +0 dagger.
The kobold wields a +0 hand crossbow.
The kobold shoots a bolt.
The bolt hits you.
* * * LOW HITPOINT WARNING * * *
It was a potion of berserk rage.
A red film seems to cover your vision as you go berserk!
You feel yourself moving faster!
You feel mighty!
The kobold brigand throws a poisoned dart.
The poisoned dart hits you.
You are poisoned.
The kobold shoots a bolt.
The bolt hits you.
* * * LOW HITPOINT WARNING * * *
You are too berserk!
Okay, then.
Unknown command.
You feel a strong urge to attack something.
* * * LOW HITPOINT WARNING * * *
You feel sick.
You kill the kobold brigand!
Training target 2.0 for Spellcasting reached!
Your Spellcasting skill increases to level 2!
Your Summonings skill increases to level 4!
You have reached level 6!
Your experience leads to an increase in your attributes!
Increase (S)trength, (I)ntelligence, or (D)exterity?
You feel clever.
Unknown command.
Elyvilon protects you from harm!
The kobold shoots a bolt.
The bolt hits you but does no damage.
Unknown command.
You feel your anger nearly subside.
You are no longer berserk.
You are exhausted.
You feel yourself slow down. Elyvilon protects you from harm!
The kobold unwields a +0 hand crossbow.
The kobold wields a +0 dagger.
The kobold misses you.
Okay, then.
Unknown command.
It was a potion of resistance.
You feel protected.
You die...

≈≈≈≈≈≈≈≈≈≈≈≈.≈≈≈≈≈#
≈≈≈≈≈≈≈≈≈≈≈≈≈≈≈≈≈≈#
################)##
≈≈≈≈≈≈≈≈..'..≈#
≈≈≈≈≈≈≈≈≈.#..≈#
≈≈≈≈≈≈≈≈≈.#.≈≈#
≈≈≈≈≈≈≈≈≈.#.≈≈#
≈≈≈≈≈≈≈≈..#)≈≈# ++#
≈≈≈≈≈≈≈≈.).#.@≈# ....
#≈≈###≈#.####K## ..§..
.........≈≈#.K.#..KK.§
.......)≈≈≈≈...'.§KKK.
.........≈≈#...#...K.§
#≈##≈###.####)###..§..
≈≈≈≈≈≈≈...#.≈≈# .....
≈≈≈≈≈≈≈≈≈..#..≈# +++#
≈≈≈≈≈≈≈≈≈≈.#.≈≈#


You could see 2 kobolds.

Vanquished Creatures
  A kobold brigand (Sewer)
  An iguana (D:6)
  Terence (D:3)
  Robin (D:1)
  5 adders
  A shadow imp (Sewer)
  A white imp (D:6)
  4 ufetubi (Sewer)
  A worm (D:2)
  2 dart slugs
  An orc (D:3)
  4 endoplasms
  A giant cockroach (D:2)
  7 goblins
  4 hobgoblins
  2 quokkas
  4 ball pythons
  4 bats
  12 kobolds
  A kobold zombie (Sewer)
  A rat (D:1)
59 creatures vanquished.

Notes
Turn   | Place    | Note
-------+----------+-------------------------------------------
     0 | D:1      | omnomnOMINOUS the Octopode Wanderer began the quest for the
                  | Orb.
     0 | D:1      | omnomnOMINOUS set off with the following items: a +0
                  | dagger, 12 poisoned darts; and the following spells
                  | available to memorise: Summon Small Mammal, Call Imp, Pain,
                  | Call Canine Familiar, Summon Guardian Golem, Vampiric
                  | Draining, Summon Lightning Spire
     0 | D:1      | Reached XP level 1. HP: 11/11 MP: 1/1
    75 | D:1      | Found a faded altar of an unknown god.
    89 | D:1      | Became a worshipper of Elyvilon the Healer
    89 | D:1      | Reached * piety under Elyvilon
   876 | D:1      | Reached XP level 2. HP: 12/18 MP: 2/2
  1032 | D:1      | Reached ** piety under Elyvilon
  1744 | D:2      | Reached skill level 1 in Fighting
  1744 | D:2      | Reached skill level 1 in Dodging
  1744 | D:2      | Reached XP level 3. HP: 5/23 MP: 4/4
  2045 | D:2      | Reached skill level 1 in Spellcasting
  2312 | D:2      | Noticed Robin
  2346 | D:1      | Reached XP level 4. HP: 5/28 MP: 5/5
  2616 | D:1      | Killed Robin
  2937 | D:2      | Learned a level 3 spell: Call Canine Familiar
  3482 | D:3      | Noticed Terence
  3502 | D:3      | Killed Terence
  3712 | D:3      | Found a transporter.
  3715 | D:3      | Noticed RandomusNamus's ghost (amateur TrFi)
  3723 | D:3      | Reached XP level 5. HP: 30/34 MP: 7/7
  3820 | D:3      | Reached *** piety under Elyvilon
  3835 | D:3      | You fall into a shaft and drop 3 floors!
  3841 | D:6      | Noticed a centaur
  3952 | D:6      | Found a stormy altar of Qazlal.
  4090 | D:6      | Found a glowing drain.
  4142 | Sewer    | Entered a sewer
  4600 | Sewer    | Found a burning altar of Makhleb.
  4600 | Sewer    | Noticed a kobold brigand
  4624 | Sewer    | HP: 2/51 [kobold/bolt (4)]
  4625 | Sewer    | Killed a kobold brigand
  4626 | Sewer    | Reached XP level 6. HP: 1/41 MP: 7/9
  4626 | Sewer    | Elyvilon protects you from harm!
  4627 | Sewer    | Elyvilon protects you from harm!
  4628 | Sewer    | Succumbed to a kobold brigand's poison

Illustrated notes

Levels and vault maps discovered:
D:1:      ebering_trefoil_3fold, layout_basic, chequers_ecumenical_altar_simple
D:2:      layout_basic, corexii_hall_statues_t, uniq_robin
D:3:      layout_loops_ring, gammafunk_ghost_stat_death, grunt_ministairs_2,
          small_statue_alley_b, minivault_25, uniq_crazy_yiuf_cottage,
          uniq_terence
D:6:      layout_rooms, mainiacjoe_overflow_cross_hatched, portal_sewer_entry_d,
          grunt_decor_fettered, minmay_shop_enchanted_jewellery
Sewer:    kennysheep_sewer_church

Skill      XL: |  1  2  3  4  5 |
---------------+----------------+-----
Fighting       | 1 2 |  2.5
Dodging        | 1 2 |  2.5
Spellcasting   | 1 2 |  2.0
Summonings     | 3 4 |  4.2
Throwing       | |  1.0
Shields        | |  1.0
Conjurations   | |  1.0
Earth Magic    | |  1.0
Poison Magic   | |  4.8

Action                   |  1- 3 |  4- 6 || total
-------------------------+-------+-------++-------
Melee: Halberd           |    85 |       ||    85
       Constrict         |     9 |    20 ||    29
       Tentacles         |     1 |    14 ||    15
       Dagger            |     2 |    76 ||    78
Throw: Dart              |       |    11 ||    11
  Use: Potion            |     3 |     2 ||     5
 Stab: Sleeping          |     4 |     3 ||     7
Armor: Skin              |    12 |     4 ||    16
Dodge: Dodged            |    75 |    44 ||   119

Table legend: (Time is in decaauts)
 A = Elapsed time spent in this place.
 B = Non-inter-level travel time spent in this place.
 C = Inter-level travel time spent in this place.
 D = Time resting spent in this place.
 E = Time spent auto-exploring this place.
 F = Levels seen in this place.
 G = Mean time per level.
                   A        B        C        D        E       F      G
               +--------+--------+--------+--------+--------+-----+--------+
         Total |   4667 |   4601 |     66 |   1562 |   2344 |   5 |  933.4 |
       Dungeon |   4183 |   4117 |     66 |   1322 |   2212 |   4 | 1045.8 |
         Sewer |    484 |    484 |      0 |    240 |    132 |   1 |  484.0 |
               +--------+--------+--------+--------+--------+-----+--------+

Top non-repeatable levels by time:
     D:2: 1929 daAuts
     D:1: 1583 daAuts
   Sewer: 484 daAuts
     D:3: 364 daAuts
     D:6: 306 daAuts
